AoeStats
← Botner

Arabia

504813831Analyzed
2v2 RM · 25d ago on Sep 6, 2026· 38m 21s· 4 players
Game mode
Random Map
Map size
Medium (4 player)
Population
200
Speed
Normal
Resources
Standard
Victory
Conquest
Starting age
Dark Age
Ending age
Imperial Age
RankedLock teamsTeams togetherTeam positionsShared explorationLock speedFull tech treeHidden civsTurbo modeCheats
Victory
Defeat
🇳🇴 Saracens · Norway
1313
+11
🇳🇴 Poles · Norway
1107
+22
🇩🇪 Inca · Germany
1211
-16
🇩🇪 Burgundians · Germany
1186
-15
Botner
10:20 Feudal Age
14:46 Castle Age
12:53 Loom
14:14 Double-Bit Axe
20:44 Bow Saw
26:23 Gold Mining
34:26 Stone Mining
35:39 Two-Man Saw
34:58 Horse Collar
Gumpert
7:55 Loom
10:04 Feudal Age
11:00 Champi Runner
13:43 Scale Mail Armor
22:04 Castle Age
21:32 Double-Bit Axe
21:31 Horse Collar
22:17 Forging
22:56 Champi Warrior
24:45 Pikeman
28:42 Squires
29:21 Iron Casting
35:01 Gold Mining
35:25 Bow Saw
38:52 Imperial Age
36:43 Heavy Plow
TheHorse
6:50 Loom
9:16 Feudal Age
10:05 Double-Bit Axe
13:25 Wheelbarrow
17:20 Fletching
20:41 Castle Age
19:28 Padded Archer Armor
20:30 Gold Mining
21:17 Bodkin Arrow
20:57 Crossbowman
23:51 Bow Saw
25:47 Leather Archer Armor
26:12 Horse Collar
29:26 Scale Mail Armor
36:12 Imperial Age
36:15 Arbalester
37:35 Bracer
Gudnikk
7:15 Loom
9:55 Feudal Age
10:27 Double-Bit Axe
10:23 Horse Collar
16:40 Forging
21:23 Castle Age
20:06 Scale Barding Armor
20:43 Gold Mining
21:46 Bloodlines
22:56 Husbandry
23:32 Chain Barding Armor
23:56 Iron Casting
24:16 Bow Saw
27:51 Fletching
31:17 Bodkin Arrow
Connection lost

Rejoining the realm…

Still unreachable

The connection could not be restored.

Session expired

The server has moved on; the page needs a fresh start.